 Dungeon Crawl Stone Soup version 0.16-a0-4005-g3d13fd6 (webtiles) character file.

1296898 ketsa the Conqueror (level 27, -9/232 (264) HPs)
             Began as a Human Berserker on Feb 11, 2015.
             Was the Champion of the Shining One.
             Killed from afar by a Brimstone Fiend (37 damage)
             ... with a blast of hellfire
             ... on level 7 of Gehenna on Feb 15, 2015.
             The game lasted 13:05:54 (153751 turns).

ketsa the Conqueror (Human Berserker)             Turns: 153751, Time: 13:05:54

HP:   -9/232 (264)  AC: 49    Str: 35    XL:     27
MP:   14/14         EV: 22    Int:  8    God:    the Shining One [******]
Gold: 14087         SH: 34    Dex: 17    Spells: 10 memorised, 36 levels left

rFire  + + +     SeeInvis .     P - +9 eveningstar (antimagic)
rCold  + + .     Clarity  .     j - +12 gold dragon armour
rNeg   + + +     SustAb   +     G - +6 large shield of the Hidden Ships {Regen+ Str+6}
rPois  +         Gourm    .     h - -2 hat of the Alchemist {rElec rPois+ rF+ rC+ rN+ MR+ rMut rCorr}
rElec  +         Spirit   .     H - +2 cloak {MR+}
rCorr  +         Warding  .     X - +2 pair of gloves {Str+3}
rMut   +         Stasis   .     K - +2 pair of boots {run} (curse)
MR     +++++                    S - amulet of Vitality {Regen+ HP+15}
Stlth  ..........               R - ring "Rakino Tyuck" {+Fly rN+ MR+ Str+5 Int-2 Stlth+}
                                F - ring "Mnaek" {SustAb rF+ rN+++ Str-2 Int+2 Dex-3}

@: glowing, quick, almost entirely resistant to hostile enchantments, extremely
unstealthy
A: no striking features
a: Divine Shield, Cleansing Flame, Summon Divine Warrior, Renounce Religion,
Evoke Flight
}: 12/15 runes: decaying, slimy, silver, iron, bone, abyssal, demonic, glowing,
magical, fiery, dark, gossamer


You were on level 7 of Gehenna.
You worshipped the Shining One.
The Shining One was exalted by your worship.
You were not hungry.

You visited 15 branches of the dungeon, and saw 86 of its levels.
You visited Pandemonium 2 times, and saw 34 of its levels.
You visited the Abyss 3 times.
You visited 1 ziggurat, and saw 6 of its levels.
You also visited: Bailey and Ice Cave.

You collected 17461 gold pieces.
You spent 3374 gold pieces at shops.

Inventory:

Hand weapons
 I - the +9 eveningstar of Gaemood {crush, Dex+3 SInv Stlth+}
   (You found it in Pandemonium)

   It inflicts extra damage upon your enemies.
   It affects your dexterity (+3).
   It enhances your eyesight.
   It makes you more stealthy.
 P - a +9 antimagic eveningstar (weapon)
Missiles
 z - 10 javelins of returning (quivered)
Armour
 h - the -2 hat of the Alchemist (worn) {rElec rPois+ rF+ rC+ rN+ MR+ rMut rCorr}
   (You bought it in a shop on level 4 of the Orcish Mines)

   It protects you from fire.
   It protects you from cold.
   It insulates you from electricity.
   It protects you from poison.
   It protects you from negative energy.
   It affects your resistance to hostile enchantments.
   It protects you from acid and corrosion.
   It protects you from mutation.
 j - a +12 gold dragon armour (worn)
 G - the +6 large shield of the Hidden Ships (worn) {Regen+ Str+6}
   (You took it off a daeva in Pandemonium)

   It affects your strength (+6).
   It increases your rate of regeneration.
 H - a +2 cloak of magic resistance (worn)
 K - a cursed +2 pair of boots of running (worn)
 X - a +2 pair of gloves of strength (worn)
Jewellery
 f - the ring of Robustness {AC+8}
   (You found it on level 1 of the Spider Nest)

   [ring of protection]

   It affects your AC (+8).
 g - an uncursed ring of fire
 t - an uncursed amulet of clarity
 u - the ring of Shaolin {EV+8}
   (You found it on level 2 of the Spider Nest)

   [ring of evasion]

   It affects your evasion (+8).
 F - the ring "Mnaek" (left hand) {SustAb rF+ rN+++ Str-2 Int+2 Dex-3}
   (You found it on level 2 of the Swamp)

   [ring of sustain abilities]

   It sustains your strength, intelligence and dexterity.
   It affects your strength (-2).
   It affects your intelligence (+2).
   It affects your dexterity (-3).
   It protects you from fire.
   It renders you almost immune to negative energy.
 O - the ring "Chuthuwk" {+Fly rPois+ rF+ Int-2 Dex+4 Stlth+}
   (You found it on level 5 of a ziggurat)

   [ring of flight]

   It affects your intelligence (-2).
   It affects your dexterity (+4).
   It protects you from fire.
   It protects you from poison.
   It lets you fly.
   It makes you more stealthy.
 R - the ring "Rakino Tyuck" (right hand) {+Fly rN+ MR+ Str+5 Int-2 Stlth+}
   (You found it on level 7 of Tartarus)

   [ring of flight]

   It affects your strength (+5).
   It affects your intelligence (-2).
   It protects you from negative energy.
   It affects your resistance to hostile enchantments.
   It lets you fly.
   It makes you more stealthy.
 S - the amulet of Vitality (around neck) {Regen+ HP+15}
   (You found it on level 7 of the Iron City of Dis)

   [amulet of regeneration]

   It affects your health (+15).
   It increases your rate of regeneration.
 U - the ring of Smodgh {rF+ MR+ MP-9 Dex+7}
   (You found it in Pandemonium)

   [ring of protection from magic]

   It affects your dexterity (+7).
   It protects you from fire.
   It affects your resistance to hostile enchantments.
   It affects your magic capacity (-9).
 Z - an uncursed amulet of resist mutation
Magical devices
 e - a wand of heal wounds (3)
 k - a wand of hasting (5)
 r - a wand of teleportation (5)
 E - a wand of teleportation (1)
 W - a wand of digging (8)
Scrolls
 l - 40 scrolls of remove curse
 m - 4 scrolls of identify
 n - 3 scrolls of silence
 o - 7 scrolls of fog
 p - 9 scrolls of enchant weapon
 s - 10 scrolls of recharging
 w - 3 scrolls of blinking
 D - 7 scrolls of enchant armour
 L - 11 scrolls of teleportation
 M - 13 scrolls of fear
 N - 2 scrolls of summoning
 T - 2 scrolls of acquirement
Potions
 a - 7 potions of haste
 d - 12 potions of curing
 q - a potion of agility
 x - 11 potions of heal wounds
 A - 3 potions of cure mutation
 Q - 6 potions of restore abilities
 V - 6 potions of resistance
 Y - 10 potions of might
Miscellaneous
 b - a box of beasts
 i - a phantom mirror
 y - a sack of spiders
 B - a fan of gales
 C - a lantern of shadows
Comestibles
 c - 31 bread rations
 v - 4 meat rations


   Skills:
 O Level 27 Fighting
 O Level 27 Maces & Flails
   Level 2.0 Polearms
 - Level 13.0 Throwing
 O Level 27 Armour
 + Level 21.4 Dodging
 - Level 16.1 Stealth
 - Level 25.2 Shields
 - Level 16.9 Spellcasting
 + Level 19.0 Charms
 - Level 10.5 Summonings
 - Level 10.1 Translocations
 - Level 11.0 Air Magic
 + Level 16.2 Invocations
 - Level 18.5 Evocations


You had 36 spell levels left.
You knew the following spells:

 Your Spells              Type           Power        Failure   Level  Hunger
a - Repel Missiles        Chrm/Air       ####..       1%          2    None
b - Apportation           Tloc           ###.......   1%          1    None
c - Blink                 Tloc           N/A          1%          2    None
d - Swiftness             Chrm/Air       ####....     1%          2    None
e - Shroud of Golubria    Chrm/Tloc      ####......   1%          2    None
f - Flight                Chrm/Air       ####......   1%          3    #......
g - Summon Butterflies    Summ           ###.....     1%          1    None
h - Control Teleport      Chrm/Tloc      ####......   1%          4    ###....
i - Abjuration            Summ           ###.......   1%          3    #......
j - Ozocubu's Armour      Chrm/Ice       ###.....     1%          3    #......


Dungeon Overview and Level Annotations

Branches:
Dungeon (15/15)            Temple (0/1) D:6            Lair (8/8) D:10
  Swamp (5/5) Lair:6       Spider (5/5) Lair:6        Slime (6/6) Lair:7
    Orc (4/4) D:12            Elf (3/3) Orc:3        Vaults (5/5) D:14
  Crypt (3/3)                Tomb (0/3) Crypt:3      Depths (5/5) D:15
   Hell (1/1)                 Dis (7/7) Hell            Geh (7/7) Hell
    Coc (0/7) Hell            Tar (7/7) Hell            Zot (5/5) Depths:5

Altars:
Ashenzari
Cheibriados
Elyvilon
Gozag
Kikubaaqudgha
Makhleb
Okawaru
Sif Muna
Vehumet
Xom
The Shining One
Beogh
Jiyva

Shops:
D:14 =   Orc:1 =   Orc:4 [[?*   Elf:3 [   Vaults:1 *   Vaults:4 !
Vaults:5 %%?   Depths:3 }(}*

Portals:
Hell: Lair:8 Depths:1 Depths:2 Depths:3 Depths:4 Depths:5
Abyss: Depths:2 Depths:4
Pandemonium: Depths:3 Depths:4
Ziggurat: Depths:1
Trove: Vaults:3 (give 15 scrolls of teleportation)

Annotations:
Zot:1 exclusion: downstairs
Zot:2 Tiamat


Message History

The blast of hellfire engulfs you!
* * * LOW HITPOINT WARNING * * *
The blast of hellfire engulfs the Brimstone Fiend.
The Brimstone Fiend completely resists.
Your daeva blocks the tormentor's attack.
The tormentor hits your daeva but does no damage.
Read which item? (? for menu, Esc to quit)
A powerful magic prevents control of your teleportation.
You blink.
As you read the scroll of blinking, it crumbles to dust.
Your daeva hits the Brimstone Fiend with an eudemon blade of holy wrath!!
The Brimstone Fiend convulses!!
Your daeva hits the Brimstone Fiend with an eudemon blade of holy wrath.
The Brimstone Fiend convulses.
Your daeva blocks the tormentor's attack. x2
The Brimstone Fiend hits your daeva!! The Brimstone Fiend misses your daeva.
Your daeva blocks the Brimstone Fiend's attack.
The Brimstone Fiend gestures at you.
The hellfire explodes!
The blast of hellfire engulfs you!
You die...

§§≈≈≈≈≈..#********#...≈≈≈§≈≈≈≈≈,,
≈≈≈≈≈≈.§.#*,,,,,,*#....≈§§§§≈≈≈≈,
≈≈§≈≈≈...#*,,,,,,*#....≈≈§§≈§≈≈≈,
≈≈≈≈§≈≈..**,,,,,,*#...≈≈≈≈§§§§§§≈
≈≈≈≈≈...#*******+*###..§§§≈≈≈§§§§
≈≈≈≈,...*#######+####..≈§≈≈≈≈≈≈≈≈
≈,,,,,,,*#......1..##....≈≈≈§≈≈≈≈
,,,,,,,*##A1.......##......≈§§§§≈
,,,,,,,*#.§2....@..##..)))...§§§≈
#########'##############§§§§.≈≈§§
#......#..'............#§§≈...≈≈§
#.)....#.#############)#.≈≈≈..§≈≈
#......#.#...).........#..≈≈....≈
#......'.#.............#..)).....
########'#.............#...).....
#.}.)..:.#'#################.)..≈
#).......#......).....#....#....≈


You could see 2 Brimstone Fiends, a tormentor and a friendly daeva.

Vanquished Creatures
  the royal jelly (Slime:6)
  the Serpent of Hell (Geh:7)
  Ereshkigal (Tar:7)
  Mnoleg (Pan)
  A seraph (Pan)
  The ghost of hackum the Metallomancer, a legendary DgEE (Pan)
  Dispater (Dis:7)
  11 orbs of fire
  11 ancient liches
  Boris (Depths:5)
  the Lernaean hydra (Swamp:5)
  Margery (Depths:5)
  Saint Roka (Depths:3)
  4 Killer Klowns
  A curse toe (Zot:4)
  Mennas (Pan)
  17 pandemonium lords (Pan)
  Geryon (Hell)
  11 golden dragons
  A pearl dragon (Pan)
  2 profane servitors
  Xtahua (Depths:3)
  5 bone dragons
  Arachne (Spider:2)
  39 Brimstone Fiends
  3 electric golems
  Nikola (Swamp:5)
  21 tentacled monstrosities
  3 hellephants (Abyss:1)
  17 Hell Sentinels
  17 liches
  10 Ice Fiends
  25 Orb Guardians (Zot:5)
  7 titans
  Asterion (Depths:2)
  17 Shadow Fiends
  20 acid blobs
  5 sphinxes
  5 deep elf blademasters
  2 deep elf master archers (Elf:3)
  Murray (Hell)
  40 tentacled starspawn
  33 Executioners
  An octopode crusher (Depths:4)
  5 quicksilver dragons
  Rupert (Spider:4)
  5 eldritch tentacles
  13 storm dragons
  5 ancient champions
  8 draconian monks
  An azure jelly (shapeshifter) (Depths:2)
  6 tengu reavers
  Roxanne (Elf:3)
  3 thorn hunters
  7 azure jellies
  6 shadow dragons
  4 revenants
  13 daevas
  Donald (Elf:1)
  Wiglaf (Crypt:2)
  A frost giant (shapeshifter) (Zig:3)
  5 draconian scorchers
  7 deep elf sorcerers
  11 frost giants
  14 vault wardens
  6 ghost moths
  21 iron dragons
  2 orc warlords
  10 fire giants
  5 draconian knights
  The ghost of Vidiiot the Executioner, a powerful MiBe of Trog (Depths:1)
  4 curse skulls
  3 ghouls
  13 emperor scorpions
  43 balrugs
  8 draconian zealots
  Gastronok (Lair:1)
  27 angels
  A spriggan defender (Depths:5)
  12 ironheart preservers
  50 reapers
  32 cacodemons (Pan)
  Jorgrun (Elf:3)
  4 draconian annihilators
  40 stone giants
  21 very ugly things
  7 draconian shifters
  20 salamander firebrands
  12 warmongers (Pan)
  16 ophanim (Pan)
  9 grey draconians
  12 green draconians
  15 chaos champions (Pan)
  6 deep elf demonologists
  24 war gargoyles
  10 black suns (Pan)
  7 white draconians
  25 apis (Pan)
  10 blood saints (Pan)
  5 draconian callers
  15 corrupters (Pan)
  13 deep elf annihilators
  4 dire elephants
  15 rakshasas
  4 vampire knights
  25 lorocyprocas
  Azrael (Spider:2)
  9 red draconians
  9 black draconians
  15 pale draconians
  9 yellow draconians
  14 purple draconians
  13 mottled draconians
  9 deep elf death magi
  2 unborn
  Snorg (Lair:8)
  A merfolk javelineer (Depths:3)
  17 ettins
  11 jiangshi
  9 eidola
  18 green deaths
  36 vault guards
  A mummy priest (Crypt:3)
  18 crystal guardians
  25 fire dragons
  5 quicksilver dragon zombies
  25 blizzard demons
  A merfolk impaler (Depths:4)
  The ghost of ketsa the Basher, a powerful DDBe of Trog (D:11)
  5 death cobs
  10 death oozes
  4 minotaurs
  A fire dragon (shapeshifter) (Depths:2)
  25 yaktaur captains
  6 deep elf high priests
  54 small abominations
  18 great orbs of eyes
  6 quicksilver dragon skeletons
  Fannar (D:13)
  13 ice dragons
  4 ghost crabs
  24 monstrous demonspawn (Pan)
  Nessos (Spider:2)
  3 naga warriors (Abyss:3)
  23 hydras
  13 spriggan air magi
  8 centaur warriors
  An alligator snapping turtle (shapeshifter) (Depths:2)
  14 ogre magi
  A death knight (Abyss:2)
  24 dancing weapons
  A spectral frost giant (Hell)
  7 alligators
  17 death yaks
  12 hell beasts
  37 thrashing horrors
  18 hell hogs
  7 deep troll earth magi
  6 holy swine (Pan)
  6 orc high priests (Orc:4)
  3 tengu warriors
  8 deep troll shamans
  2 spriggan berserkers (Depths:5)
  8 vampire magi
  61 sun demons
  6 storm dragon zombies
  3 catoblepae
  8 titan zombies
  12 spriggans
  A shock serpent (shapeshifter) (Depths:2)
  41 hell knights
  3 iron golems (Hell)
  32 soul eaters
  54 skeletal warriors
  10 titan skeletons
  34 wretched stars
  5 unseen horrors
  The ghost of abixa the Pandemonic, an experienced HOGl of Makhleb (Bailey)
  5 salamander mystics
  2 fire crabs (shapeshifter)
  15 ice devils
  15 cherubim (Pan)
  3 iron trolls
  5 golden dragon zombies
  7 spatial maelstroms (Abyss:3)
  7 storm dragon skeletons
  28 deep elf knights
  21 shadow demons
  19 shadow wraiths
  7 ball lightnings
  43 gelid demonspawn (Pan)
  2 ghost moth zombies
  10 wizards
  9 deep elf summoners
  4 spriggan druids
  32 deep trolls
  A giant orange brain (shapeshifter) (Vaults:5)
  3 anaconda zombies
  8 swamp dragons
  21 flayed ghosts
  34 infernal demonspawn (Pan)
  15 ironbrand convokers
  A hill giant (shapeshifter) (Depths:2)
  6 ice statues
  9 harpies
  An anubis guard (shapeshifter) (Vaults:4)
  An obsidian statue (Zig:5)
  10 giant orange brains
  27 putrid demonspawn (Pan)
  19 torturous demonspawn (Pan)
  Pikel (D:6)
  3 anaconda skeletons
  2 spectral hydras
  23 hill giants
  124 starcursed masses
  6 shadow dragon zombies
  31 deep elf conjurers
  10 shining eyes
  2 golden dragon skeletons
  A mana viper (shapeshifter) (Depths:2)
  3 shambling mangroves
  26 orb spiders
  3 wolf spider zombies
  19 orc knights
  A shining eye (shapeshifter) (Depths:2)
  5 griffons
  5 iron dragon zombies
  42 wolf spiders
  2 manticores (D:15)
  36 phantasmal warriors
  30 necromancers
  9 cyclopes
  A faun (shapeshifter) (Depths:2)
  7 hornets
  A spectral ettin (Pan)
  A wolf spider (shapeshifter) (Depths:2)
  20 worldbinders
  51 ugly things
  65 sixfirhies
  36 moths of wrath
  A cyclops (shapeshifter) (D:15)
  6 frost giant zombies
  2 tengu skeletons
  8 stone giant zombies
  5 iron dragon skeletons
  7 orc sorcerers
  4 shock serpent zombies
  7 fire giant zombies
  2 octopodes (shapeshifter) (Vaults:5)
  A griffon (shapeshifter) (Depths:2)
  3 dire elephant zombies
  5 frost giant skeletons
  5 gargoyles
  6 centaur zombies
  An elephant (shapeshifter) (Depths:1)
  23 salamanders
  3 guardian serpents (Abyss:3)
  9 stone giant skeletons
  118 large abominations
  100 smoke demons
  73 orange demons
  A queen ant (Spider:3)
  16 vault sentinels
  A naga mage (Abyss:3)
  6 fire giant skeletons
  5 black mambas
  5 elephants (Lair:5)
  52 rust devils
  3 shock serpent skeletons
  A queen ant (shapeshifter) (Depths:2)
  7 torpor snails
  17 molten gargoyles
  2 black mambas (shapeshifter)
  5 eyes of devastation
  8 apocalypse crabs
  37 hellions
  15 efreet
  2 kobold demonologists
  A spiny frog (shapeshifter) (Depths:1)
  2 dire elephant skeletons (Geh:3)
  An emperor scorpion zombie (Geh:7)
  A purple draconian zombie (Zot:3)
  10 komodo dragons
  A yaktaur (shapeshifter) (Abyss:3)
  27 spiny frogs
  28 demonic crawlers
  23 deep elf priests
  A white draconian skeleton (Crypt:2)
  2 guardian mummies (Crypt:3)
  6 fire drakes
  24 tormentors
  2 queen bees (shapeshifter) (Depths:2)
  3 trolls (shapeshifter)
  4 harpy zombies
  3 fire drakes (shapeshifter)
  86 yaktaurs
  24 ancient zymes
  25 freezing wraiths
  2 komodo dragons (shapeshifter) (Depths:2)
  5 tengu conjurers
  82 hellwings
  A mottled draconian skeleton (Crypt:2)
  8 silent spectres
  5 hydra zombies
  77 red devils
  17 blue devils
  14 trolls
  4 giant leeches
  35 jumping spiders
  20 polar bears
  A tengu simulacrum (Vaults:4)
  Grinder (D:4)
  9 boulder beetles
  2 hydra skeletons (Hell)
  13 bog bodies
  62 slime creatures
  8 ettin zombies
  21 ravens
  34 blink frogs
  2 deep troll zombies (Vaults:5)
  A giant leech (shapeshifter) (Vaults:5)
  4 fire vortices
  3 wind drakes
  31 two-headed ogres
  A jumping spider (shapeshifter) (Depths:2)
  6 harpy skeletons
  A catoblepas skeleton (Crypt:3)
  21 air elementals
  A trapdoor spider (shapeshifter) (Elf:3)
  4 baby alligators (Swamp:1)
  6 fire dragon zombies
  A baby alligator (shapeshifter) (Elf:1)
  48 raiju
  3 alligator zombies
  3 basilisks
  A raiju (shapeshifter) (Depths:2)
  A stone giant simulacrum (Vaults:4)
  21 water elementals
  3 black mamba zombies
  80 flying skulls
  3 ice dragon skeletons
  A tarantella (shapeshifter) (Vaults:2)
  6 ettin skeletons
  A wyvern (Zig:6)
  2 spriggans (shapeshifter)
  62 redbacks
  5 ice dragon zombies
  A fire dragon skeleton (Crypt:3)
  29 shadows
  23 trapdoor spiders
  A yak (shapeshifter) (Elf:2)
  14 vampires
  30 tarantellas
  73 ynoxinuls
  83 yaks
  3 fire bats (Abyss:1)
  9 hungry ghosts
  31 deep elf magi
  An elf skeleton (Vaults:5)
  43 deep elf fighters
  14 hippogriffs
  Eustachio (D:12)
  33 fire elementals
  2 elf zombies
  A wandering mushroom (Lair:1)
  37 vampire mosquitoes
  Grum (Orc:1)
  23 wolves
  51 neqoxecs
  35 wraiths
  7 golden eyes
  A black mamba skeleton (Geh:2)
  6 spatial vortices
  A monstrous demonspawn zombie (Crypt:2)
  5 mottled dragons
  13 wargs
  19 swamp worms
  Edmund (Orc:1)
  23 chaos spawn
  26 insubstantial wisps
  10 raven skeletons (Crypt:3)
  8 porcupines
  A soldier ant (shapeshifter) (Vaults:1)
  10 swamp drakes
  30 water moccasins
  25 soldier ants
  4 sky beasts
  12 wasps
  A black bear (Vaults:4)
  95 hell hounds
  A spiny frog zombie (Hell)
  54 orc warriors
  17 ice beasts
  An ice beast (shapeshifter) (Depths:2)
  A sky beast (shapeshifter) (Depths:2)
  2 nagas (Abyss:3)
  24 centaurs
  5 snapping turtle zombies
  3 swamp dragon zombies
  An alligator simulacrum (Hell)
  62 spiders
  A manticore zombie (Geh:3)
  2 black bears (shapeshifter)
  A spider (shapeshifter) (Depths:2)
  An eye of draining (shapeshifter) (Vaults:3)
  3 spiny frog skeletons
  A snapping turtle skeleton (Pan)
  A boring beetle (shapeshifter) (Depths:2)
  A boring beetle (Spider:1)
  6 phantoms
  A swamp dragon skeleton (Geh:1)
  8 eyes of draining
  14 necrophages
  12 boggarts
  58 ogres
  3 manticore skeletons
  A crocodile (shapeshifter) (Depths:2)
  21 crocodiles
  2 lost souls
  3 big kobolds (D:8)
  A centaur (shapeshifter) (Depths:2)
  An octopode zombie (Crypt:1)
  2 glowing shapeshifter simulacra
  Blork the orc (D:6)
  6 human zombies
  A gnoll sergeant (D:6)
  7 brain worms
  6 earth elementals (Depths:2)
  A warg zombie (Vaults:3)
  A cyclops skeleton (Crypt:1)
  A wyvern skeleton (D:11)
  24 giant frogs
  10 scorpions
  A killer bee (shapeshifter) (Depths:2)
  A manticore simulacrum (Abyss:3)
  A spriggan zombie (Crypt:3)
  8 killer bees
  34 wights
  7 electric eels
  14 crimson imps
  4 goliath beetles
  A wasp zombie (D:14)
  A giant frog zombie (D:13)
  48 orc priests
  A yaktaur simulacrum (Vaults:1)
  27 iron imps
  3 giant frog skeletons
  Crazy Yiuf (D:3)
  8 centaur skeletons
  15 hounds
  46 orc wizards
  17 jellies
  A demonspawn zombie (Crypt:2)
  8 iguanas
  34 worker ants
  12 quasits
  5 hell rats (Elf:2)
  A killer bee zombie (D:7)
  A porcupine skeleton (Crypt:2)
  29 sheep
  A tengu zombie (Pan)
  An ogre skeleton (Geh:3)
  4 mummies
  2 hound skeletons
  A worker ant zombie (D:11)
  35 adders
  22 gnolls
  51 river rats
  14 shadow imps
  12 white imps
  3 giant eyeballs (Pan)
  3 giant mites
  61 ufetubi
  2 worms
  An adder zombie (Crypt:1)
  4 adder skeletons (D:8)
  A halfling skeleton (Crypt:2)
  5 giant geckos
  An ooze (D:4)
  288 orcs
  2 ball pythons
  A bat skeleton (D:4)
  6 giant cockroaches
  13 hobgoblins
  15 kobolds
  13 quokkas
  22 bats
  A giant gecko skeleton (D:6)
  A giant gecko zombie (D:8)
  3 giant newts
  18 goblins
  A goblin zombie (D:10)
  2 jackals (D:5)
  A jackal zombie (D:6)
  2 kobold skeletons
  A kobold zombie (Crypt:3)
  A lurking horror (Abyss:1)
  An orc skeleton (Crypt:3)
  2 orc zombies
  18 rats
  A rat zombie (Crypt:1)
  15 ballistomycetes
  A briar patch (Swamp:5)
  2 fungi
  8 grand avatars (Pan)
  A plant (Crypt:3)
  23 starspawn tentacles
6706 creatures vanquished.

Vanquished Creatures (collateral kills)
  Cerebov (Pan)
  Gloorx Vloq (Pan)
  Lom Lobon (Pan)
  An orb of fire (Zot:5)
  2 ancient liches (Tar:7)
  2 pandemonium lords (Pan)
  Norris (Vaults:1)
  Mara (Depths:3)
  2 bone dragons (Abyss:3)
  6 Brimstone Fiends
  5 tentacled monstrosities
  3 Ice Fiends (Pan)
  3 Shadow Fiends (Tar:7)
  A titan (Vaults:5)
  An acid blob (Slime:6)
  4 tentacled starspawn (Abyss:3)
  A tengu reaver (Vaults:5)
  A shadow dragon (Vaults:5)
  7 daevas
  A deep elf sorcerer (Abyss:3)
  2 balrugs (Pan)
  A cacodemon (Pan)
  A warmonger (Pan)
  A frost giant (Depths:5)
  4 angels (Pan)
  A very ugly thing (Vaults:5)
  An ironheart preserver (Vaults:5)
  5 apis (Pan)
  4 reapers
  A black draconian (Zot:5)
  3 lorocyprocas (Pan)
  A green death (Pan)
  2 hydras (Lair:1)
  3 ice dragons
  A great orb of eyes (Abyss:3)
  A monstrous demonspawn (Pan)
  4 rakshasas (Abyss:3)
  A deep troll earth mage (Depths:5)
  A hell hog (Abyss:3)
  8 sun demons (Pan)
  4 hell knights
  2 thrashing horrors (Abyss:3)
  A titan skeleton (Geh:3)
  7 soul eaters
  3 skeletal warriors (Tar:7)
  A wretched star (Abyss:3)
  A flayed ghost (Tar:7)
  A shadow wraith (Abyss:3)
  2 cherubim (Pan)
  2 ghost moth zombies
  A torturous demonspawn (Pan)
  An anaconda zombie (Geh:7)
  A deep elf summoner (Depths:5)
  3 gelid demonspawn (Pan)
  A deep troll (Depths:5)
  2 giant orange brains (Abyss:3)
  2 shadow demons
  3 infernal demonspawn (Pan)
  A golden dragon skeleton (Abyss:3)
  3 putrid demonspawn (Pan)
  7 large abominations
  A cyclops (Zig:5)
  An orc knight (Bailey)
  4 phantasmal warriors
  An ironbrand convoker (Vaults:5)
  A frost giant zombie (Geh:7)
  5 sixfirhies (Pan)
  A fire giant zombie (Geh:3)
  A worldbinder (Abyss:3)
  An orb spider (Spider:2)
  An ugly thing (Abyss:3)
  9 rust devils (Dis:7)
  An apocalypse crab (Abyss:3)
  A stone giant skeleton (Dis:7)
  3 smoke demons (Pan)
  9 orange demons
  A molten gargoyle (Geh:7)
  A yaktaur (Vaults:5)
  13 hellwings (Pan)
  A tormentor (Geh:7)
  3 hellions
  8 red devils
  An ancient zyme (Abyss:3)
  A blue devil (Dis:7)
  4 polar bears (IceCv)
  A harpy skeleton (Abyss:3)
  2 raiju (Abyss:3)
  10 flying skulls
  7 ynoxinuls
  A golden eye (Abyss:3)
  A mottled dragon (Abyss:3)
  A chaos spawn (Abyss:3)
  A hungry ghost (Pan)
  3 yaks (IceCv)
  2 neqoxecs
  3 hell hounds
  2 small abominations (Abyss:3)
  An eye of draining (Abyss:3)
  3 orc warriors (Bailey)
  A hell hound zombie (Geh:4)
  A wight (Geh:3)
  A spriggan zombie (Tar:7)
  2 crimson imps (Pan)
  2 starcursed masses (Abyss:3)
  An iron imp (Dis:7)
  A hell rat (Depths:5)
  12 ufetubi
  4 orcs (Bailey)
  A lurking horror (Abyss:3)
  A grand avatar (Pan)
  A starspawn tentacle (Abyss:3)
279 creatures vanquished.

Vanquished Creatures (others)
  An ancient lich (Tar:7)
  3 eldritch tentacles (Pan)
  A tengu reaver (Vaults:5)
  6 daevas
  A fire giant (Vaults:5)
  Louise (Spider:5)
  12 angels
  A draconian annihilator (Pan)
  A green death (Pan)
  A deep elf high priest (Vaults:5)
  A rakshasa (Abyss:3)
  An anaconda (shapeshifter) (Depths:2)
  A monstrous demonspawn (Pan)
  A dancing weapon (Elf:2)
  2 thrashing horrors (Abyss:3)
  3 wizards (Pan)
  8 ball lightnings
  A skeletal warrior (Tar:2)
  A shadow demon (Pan)
  An ironbrand convoker (Vaults:3)
  A shadow dragon zombie (Tar:6)
  A deep troll (Depths:5)
  A deep elf conjurer (Elf:2)
  A necromancer (Geh:4)
  A harpy (Vaults:4)
  An eye of devastation (Pan)
  A sixfirhy (Pan)
  A frost giant skeleton (Depths:1)
  2 smoke demons (Pan)
  A troll (Depths:3)
  A red devil (Pan)
  A hydra zombie (Geh:5)
  A catoblepas zombie (Geh:3)
  2 air elementals (Depths:2)
  2 ettin zombies
  2 redbacks
  A spriggan (Swamp:5)
  2 shadows (Spider:2)
  A vampire (Geh:2)
  4 large abominations
  A human zombie (Geh:4)
  A spiny frog zombie (Geh:4)
  A swamp worm (shapeshifter) (Depths:2)
  2 hell hounds (Geh:3)
  An ice beast (Hell)
  An orc warrior (Vaults:3)
  A snapping turtle zombie (Geh:7)
  2 small abominations (Abyss:3)
  10 lost souls
  An earth elemental (Depths:2)
  A giant frog (D:6)
  A killer bee (D:13)
  An electric eel (Lair:6)
  A crimson imp (Geh:3)
  An iron imp (Dis:7)
  A quasit (Abyss:3)
  A jelly (Abyss:1)
  A human skeleton (Geh:4)
  An orc wizard (Vaults:4)
  2 hell rats (Elf:2)
  A white imp (Abyss:1)
  9 ufetubi
  An orc (Orc:4)
  A bat skeleton (D:6)
  3 giant spores
  6 lurking horrors
  7 butterflies (Slime:6)
  530 eldritch tentacle segments
  12 fungi (Lair:8)
  9 plants
  82 starspawn tentacles
  780 starspawn tentacle segments
  4 tentacles (Abyss:3)
  3 tentacle segments (Abyss:3)
1556 creatures vanquished.

Grand Total: 8541 creatures vanquished

Notes
Turn   | Place    | Note
--------------------------------------------------------------
     0 | D:1      | ketsa, the Human Berserker, began the quest for the Orb.
     0 | D:1      | Reached XP level 1. HP: 18/18 MP: 1/1
   399 | D:1      | Reached XP level 2. HP: 16/24 MP: 2/2
   657 | D:1      | Reached XP level 3. HP: 27/29 MP: 3/3
   659 | D:1      | Acquired Trog's second power
  1351 | D:2      | Reached XP level 4. HP: 35/35 MP: 4/4
  2134 | D:3      | Found a snail-covered altar of Cheibriados.
  2437 | D:3      | Reached XP level 5. HP: 36/41 MP: 5/5
  2733 | D:3      | Reached skill level 4 in Maces & Flails
  2867 | D:3      | Noticed Crazy Yiuf
  2880 | D:3      | Killed Crazy Yiuf
  3135 | D:4      | Reached XP level 6. HP: 48/48 MP: 6/6
  3292 | D:4      | Noticed Grinder
  3331 | D:4      | Killed Grinder
  3331 | D:4      | Reached skill level 5 in Maces & Flails
  3331 | D:4      | Reached XP level 7. HP: 54/54 MP: 7/7
  3895 | D:5      | Entered Level 5 of the Dungeon
  3990 | D:5      | Reached XP level 8. HP: 31/61 MP: 4/8
  4093 | D:5      | Reached skill level 6 in Maces & Flails
  4126 | D:5      | Acquired Trog's third power
  5665 | D:6      | Reached skill level 5 in Fighting
  5712 | D:6      | Noticed Blork the orc
  5725 | D:6      | Killed Blork the orc
  5726 | D:6      | Found a staircase to the Ecumenical Temple.
  5894 | D:6      | Reached skill level 7 in Maces & Flails
  5988 | D:6      | Reached skill level 5 in Armour
  5988 | D:6      | Reached skill level 5 in Dodging
  6045 | D:6      | Reached XP level 9. HP: 43/68 MP: 9/9
  6169 | D:6      | Noticed Pikel
  6184 | D:6      | Killed Pikel
  6184 | D:6      | Reached skill level 8 in Maces & Flails
  6375 | D:6      | Got a scorched trident {venom}
  6382 | D:6      | Identified the +7 trident of Trog's Regard {venom, +Blink rPois+ rC- Str+3 Dex+3} (You took it off a gnoll sergeant on level 6 of the Dungeon)
  6639 | D:7      | Found a shattered altar of Ashenzari.
  7071 | D:8      | Reached skill level 1 in Polearms
  7321 | D:8      | Received a gift from Trog
  7347 | D:8      | Reached XP level 10. HP: 77/77 MP: 3/10
  7512 | D:8      | Found a glowing golden altar of the Shining One.
  7876 | D:8      | Reached skill level 9 in Maces & Flails
  8384 | D:8      | Noticed a three-headed hydra
  8393 | D:8      | Killed a three-headed hydra
  8607 | D:8      | Found a shimmering altar of Xom.
  8610 | D:8      | Found an opulent altar of Gozag.
  8917 | D:9      | Reached XP level 11. HP: 63/86 MP: 2/11
  9026 | D:9      | Reached skill level 10 in Maces & Flails
  9159 | D:9      | Received a gift from Trog
  9874 | D:10     | Entered Level 10 of the Dungeon
  9904 | D:10     | Found a flagged portal.
  9938 | Bailey   | Entered a bailey
 10323 | Bailey   | Received a gift from Trog
 10545 | Bailey   | Noticed abixa's ghost (experienced HOGl)
 10582 | Bailey   | Killed abixa's ghost
 10719 | Bailey   | Noticed an orc knight
 10730 | Bailey   | Killed an orc knight
 10961 | Bailey   | Noticed an orc knight
 10975 | Bailey   | Killed an orc knight
 10975 | Bailey   | Reached skill level 1 in Evocations
 11018 | D:10     | Reached skill level 11 in Maces & Flails
 11163 | D:10     | Found a staircase to the Lair.
 11478 | D:10     | Reached XP level 12. HP: 63/97 MP: 3/16
 12047 | D:11     | Found a frozen archway.
 12087 | D:11     | Reached skill level 10 in Fighting
 12123 | IceCv    | Entered an ice cave
 12133 | IceCv    | Reached skill level 10 in Armour
 12146 | IceCv    | Received a gift from Trog
 12664 | IceCv    | Reached skill level 5 in Evocations
 12769 | IceCv    | Noticed a frost giant
 12793 | IceCv    | Reached skill level 12 in Maces & Flails
 12805 | IceCv    | Killed a frost giant
 13026 | IceCv    | Reached XP level 13. HP: 87/104 MP: 7/22
 13755 | D:11     | Noticed a skeletal warrior
 13764 | D:11     | Noticed ketsa's ghost (powerful DDBe)
 13827 | Lair:1   | Entered Level 1 of the Lair of Beasts
 14356 | Lair:1   | Received a gift from Trog
 14458 | Lair:1   | Got an ichor-stained flail
 14464 | Lair:1   | Identified the +3 flail of Rotation {drain, Int+2} (You found it on level 1 of the Lair of Beasts)
 15012 | Lair:1   | Noticed Gastronok
 15049 | Lair:1   | Killed Gastronok
 15049 | Lair:1   | Reached skill level 13 in Maces & Flails
 17294 | Lair:2   | Identified a scroll of acquirement
 17314 | Lair:2   | Identified the Incunabulum of Malediction (You found it on level 2 of the Lair of Beasts)
 17553 | Lair:2   | Received a gift from Trog
 18709 | Lair:3   | Reached XP level 14. HP: 86/113 MP: 6/25
 20050 | Lair:4   | Received a gift from Trog
 20828 | Lair:4   | Reached skill level 14 in Maces & Flails
 22880 | Lair:6   | Received a gift from Trog
 22894 | Lair:6   | Found a staircase to the Swamp.
 22982 | Lair:6   | Found a hole to the Spider Nest.
 23035 | Spider:1 | Entered Level 1 of the Spider Nest
 23937 | Lair:7   | Found a staircase to the Slime Pits.
 23960 | Slime:1  | Entered Level 1 of the Pits of Slime
 24363 | Lair:7   | Gained mutation: You passively map a small area around you. [potion of beneficial mutation]
 24410 | Lair:7   | Reached skill level 15 in Maces & Flails
 24645 | Lair:7   | Reached XP level 15. HP: 66/122 MP: 5/26
 24652 | Lair:7   | Received a gift from Trog
 25282 | Lair:8   | Entered Level 8 of the Lair of Beasts
 25948 | Lair:8   | Reached skill level 1 in Shields
 26023 | Lair:8   | Noticed Snorg
 26043 | Lair:8   | Killed Snorg
 26776 | D:11     | Noticed a skeletal warrior
 26939 | D:11     | Noticed a skeletal warrior
 27651 | D:11     | Killed a skeletal warrior
 27659 | D:11     | Killed a skeletal warrior
 27666 | D:11     | Killed a skeletal warrior
 27948 | D:11     | Received a gift from Trog
 28314 | D:12     | Got a slimy war axe
 28315 | D:12     | Identified the cursed -2 war axe "Giekhlid" {flame, rF+ rC+} (You found it on level 12 of the Dungeon)
 28844 | D:12     | Found a staircase to the Orcish Mines.
 28862 | Orc:1    | Entered Level 1 of the Orcish Mines
 28863 | Orc:1    | Noticed Eustachio
 28895 | D:12     | Killed Eustachio
 29145 | Orc:2    | You fall through a shaft!
 29157 | Orc:3    | Received a gift from Trog
 29166 | Orc:3    | Got a jewelled morningstar {god gift}
 29170 | Orc:3    | Identified the +7 morningstar of the Harvest {vamp, MR++ Str+8 Int-4 Dex-5} (Trog gifted it to you on level 3 of the Orcish Mines)
 29403 | Orc:1    | Noticed Edmund
 29404 | Orc:1    | Noticed Grum
 29411 | Orc:1    | Killed Edmund
 29419 | Orc:1    | Killed Grum
 29653 | Orc:3    | Received a gift from Trog
 29791 | Orc:2    | Reached skill level 16 in Maces & Flails
 30150 | Orc:1    | Found Vaesham's Jewellery Emporium.
 30220 | Orc:3    | Received a gift from Trog
 30252 | Orc:3    | Found a radiant altar of Vehumet.
 30423 | Orc:3    | Found a staircase to the Elven Halls.
 30438 | Elf:1    | Entered Level 1 of the Elven Halls
 30495 | Orc:4    | Entered Level 4 of the Orcish Mines
 30744 | Orc:4    | Found an iron altar of Okawaru.
 30776 | Orc:4    | Received a gift from Trog
 31316 | Orc:4    | Upgraded the game from 0.16-a0-3976-g683f154 to 0.16-a0-3992-g631dd12
 31401 | Orc:4    | Found Phor's Magic Scroll Boutique.
 31401 | Orc:4    | Found Valasch's General Store.
 31558 | Orc:4    | Found a roughly hewn altar of Beogh.
 31593 | Orc:4    | Found Praptota's Armour Emporium.
 31712 | Orc:4    | Gained mutation: Your magical capacity is low (-10% MP). [a neqoxec]
 31746 | Orc:4    | Found Twaun's Armour Boutique.
 31797 | Orc:4    | Reached XP level 16. HP: 128/131 MP: 24/24
 32059 | Orc:4    | Noticed an orc warlord
 32086 | Orc:4    | Killed an orc warlord
 32130 | Orc:4    | Received a gift from Trog
 32272 | Orc:4    | Bought a +2 buckler of positive energy for 277 gold pieces
 32306 | Orc:4    | Bought the -2 hat of the Alchemist {rElec rPois+ rF+ rC+ rN+ MR+ rMut rCorr} for 708 gold pieces
 33113 | Lair:8   | Found a burning altar of Makhleb.
 33176 | Lair:8   | Received a gift from Trog
 33370 | Lair:8   | Found a gateway to Hell.
 33731 | Lair:8   | Reached skill level 5 in Shields
 34103 | Spider:1 | Reached skill level 1 in Throwing
 34108 | Spider:1 | Reached skill level 17 in Maces & Flails
 34172 | Spider:1 | Received a gift from Trog
 34846 | Spider:2 | Noticed Azrael
 34855 | Spider:2 | Killed Azrael
 34925 | Spider:2 | Noticed Arachne
 34934 | Spider:2 | Killed Arachne
 35090 | Spider:2 | Received a gift from Trog
 35100 | Spider:2 | Reached XP level 17. HP: 139/139 MP: 25/25
 37270 | Spider:2 | Found a roughly hewn altar of Beogh.
 37271 | Spider:2 | Noticed Nessos
 37299 | Spider:2 | Killed Nessos
 37447 | Spider:3 | Received a gift from Trog
 37944 | Spider:3 | Reached skill level 5 in Throwing
 38002 | Spider:3 | Received a gift from Trog
 38359 | Spider:3 | Reached skill level 18 in Maces & Flails
 38633 | Spider:4 | Received a gift from Trog
 39166 | Swamp:1  | Entered Level 1 of the Swamp
 39323 | Swamp:1  | Received a gift from Trog
 40383 | Swamp:2  | Reached XP level 18. HP: 147/147 MP: 26/26
 40715 | Swamp:2  | Got a steaming wooden ring
 40717 | Swamp:2  | Identified the ring "Mnaek" {SustAb rF+ rN+++ Str-2 Int+2 Dex-3} (You found it on level 2 of the Swamp)
 40967 | Swamp:2  | Got a fine ring mail
 40968 | Swamp:2  | Identified the +1 ring mail "Food" {Int+4} (You found it on level 2 of the Swamp)
 41173 | Swamp:3  | Received a gift from Trog
 42345 | Swamp:4  | Reached skill level 15 in Fighting
 42640 | Swamp:5  | Entered Level 5 of the Swamp
 42708 | Swamp:5  | Received a gift from Trog
 43044 | Swamp:5  | Reached skill level 19 in Maces & Flails
 43249 | Swamp:5  | Reached skill level 15 in Armour
 43369 | Swamp:5  | Noticed the 27-headed Lernaean hydra
 43389 | Swamp:5  | Killed the 27-headed Lernaean hydra
 43466 | Swamp:5  | Got a decaying rune of Zot
 43696 | Swamp:5  | Noticed Nikola
 43788 | Swamp:5  | Killed Nikola
 43788 | Swamp:5  | Reached XP level 19. HP: 155/155 MP: 26/26
 43997 | Swamp:5  | Received a gift from Trog
 44817 | Spider:4 | Received a gift from Trog
 44921 | Spider:4 | Noticed Rupert
 44948 | Spider:4 | Killed Rupert
 45835 | Spider:5 | Entered Level 5 of the Spider Nest
 45835 | Spider:5 | Noticed Louise
 46422 | Spider:5 | Killed Louise
 46513 | Spider:5 | Received a gift from Trog
 46778 | Spider:4 | Lost intelligence.
 48530 | Spider:5 | Reached skill level 20 in Maces & Flails
 48707 | Spider:5 | Got a gossamer rune of Zot
 49238 | D:11     | Killed ketsa's ghost
 49743 | D:13     | Received a gift from Trog
 49934 | D:13     | Noticed Fannar
 49944 | D:13     | Killed Fannar
 50451 | D:14     | Reached XP level 20. HP: 159/164 MP: 27/27
 50610 | D:14     | Found an iron altar of Okawaru.
 50735 | D:14     | Found a gate to the Vaults.
 50929 | D:14     | Found a white marble altar of Elyvilon.
 51196 | D:14     | Found Arox's Jewellery Emporium.
 51237 | D:15     | Entered Level 15 of the Dungeon
 51426 | Vaults:1 | Entered Level 1 of the Vaults
 51736 | Vaults:2 | Received a gift from Trog
 51971 | Vaults:1 | Received a gift from Trog
 52344 | Vaults:1 | Found Ilacuppau's Assorted Antiques.
 52348 | Vaults:1 | Bought a pair of runed boots for 121 gold pieces
 52348 | Vaults:1 | Bought a potion of heal wounds for 135 gold pieces
 52781 | Vaults:1 | Received a gift from Trog
 52814 | Vaults:1 | Noticed Norris
 52839 | Vaults:1 | Lost intelligence.
 52848 | Vaults:1 | Killed Norris
 53124 | Orc:4    | Bought a potion of restore abilities for 65 gold pieces
 53376 | Vaults:1 | Upgraded the game from 0.16-a0-3992-g631dd12 to 0.16-a0-3997-g61da7c2
 53932 | Vaults:2 | Reached XP level 21. HP: 172/172 MP: 23/27
 54093 | Vaults:1 | Reached skill level 10 in Dodging
 54388 | Vaults:2 | Received a gift from Trog
 54434 | Vaults:2 | Received a gift from Trog
 55616 | Vaults:3 | Received a gift from Trog
 55627 | Vaults:3 | Reached skill level 21 in Maces & Flails
 56261 | Vaults:3 | Received a gift from Trog
 56505 | Vaults:3 | Found a staircase to the Crypt.
 56862 | Crypt:1  | Entered Level 1 of the Crypt
 57350 | Vaults:3 | Found a portal to a secret trove of treasure.
 57658 | Vaults:3 | Received a gift from Trog
 58216 | Vaults:4 | Found Zilov's Distillery.
 58296 | Vaults:4 | Reached XP level 22. HP: 182/182 MP: 27/27
 58354 | Vaults:4 | Bought a potion of resistance for 170 gold pieces
 58354 | Vaults:4 | Bought a potion of heal wounds for 85 gold pieces
 58354 | Vaults:4 | Bought a potion of resistance for 170 gold pieces
 58354 | Vaults:4 | Bought a potion of haste for 170 gold pieces
 58354 | Vaults:4 | Bought a potion of curing for 51 gold pieces
 58354 | Vaults:4 | Bought a potion of heal wounds for 85 gold pieces
 58555 | Vaults:4 | Received a gift from Trog
 59772 | Vaults:3 | Received a gift from Trog
 60107 | Elf:1    | You fall through a shaft!
 60335 | Elf:2    | Found a runed gate.
 60335 | Elf:2    | Found a runed gate.
 60335 | Elf:2    | Found a runed gate.
 60427 | Elf:2    | Received a gift from Trog
 60889 | Elf:2    | Identified Iskenderun's Almanac of Attacks and the Arsonist
 61004 | Elf:3    | Entered Level 3 of the Elven Halls
 61188 | Elf:2    | Received a gift from Trog
 61202 | Elf:2    | Got a faintly glowing great mace {god gift}
 61203 | Elf:2    | Identified the +8 great mace of Eternal Vigilance {flame, -Tele *Rage rF+ rN+ Str+4} (Trog gifted it to you on level 2 of the Elven Halls)
 62220 | Elf:1    | Received a gift from Trog
 62467 | Elf:1    | Noticed Donald
 62481 | Elf:1    | Killed Donald
 62714 | Elf:3    | Noticed Jorgrun
 62728 | Elf:3    | Killed Jorgrun
 62728 | Elf:3    | Reached XP level 23. HP: 190/190 MP: 28/28
 62879 | Elf:3    | Noticed Roxanne
 62897 | Elf:3    | Received a gift from Trog
 62959 | Elf:3    | Killed Roxanne
 63162 | Elf:3    | Found a deep blue altar of Sif Muna.
 63239 | Elf:3    | Received a gift from Trog
 63562 | Elf:3    | Received a gift from Trog
 63708 | Elf:3    | Reached skill level 22 in Maces & Flails
 63726 | Elf:3    | Received a gift from Trog
 64161 | Elf:3    | Got a transparent ruby amulet
 64168 | Elf:3    | Got a distressingly furry ice dragon armour
 64230 | Elf:3    | Identified the +8 ice dragon armour of Beyond {+Blink rF- rC++} (You took it off a deep elf master archer on level 3 of the Elven Halls)
 64273 | Elf:3    | Got a scorched granite ring
 64284 | Elf:3    | Received a gift from Trog
 64319 | Elf:3    | Identified the amulet "Ciejeugy" {+Rage Int+6} (You took it off a deep elf master archer on level 3 of the Elven Halls)
 64321 | Elf:3    | Identified the ring of Brilliance {rPois- MR+ Dex+7} (You took it off a deep elf sorcerer on level 3 of the Elven Halls)
 64350 | Elf:3    | Got a bronze scale mail
 64361 | Elf:3    | Identified the -3 scale mail of the Onion {rPois+ Str+9} (You found it on level 3 of the Elven Halls)
 64377 | Elf:3    | Identified the Almanac of Displacement
 64755 | Elf:3    | Found Tresm's Antique Armour Boutique.
 65289 | D:15     | Found a runed door.
 65727 | D:15     | Found a staircase to the Depths.
 66093 | Depths:1 | Entered Level 1 of the Depths
 66093 | Depths:1 | Noticed Vidiiot's ghost (powerful MiBe)
 66291 | D:15     | Received a gift from Trog
 66322 | Depths:1 | Killed Vidiiot's ghost
 66664 | Depths:1 | Found a gateway to a ziggurat.
 66688 | Depths:1 | Received a gift from Trog
 67032 | Depths:1 | Reached XP level 24. HP: 199/199 MP: 28/28
 67205 | Depths:1 | Received a gift from Trog
 67618 | Depths:3 | Noticed Xtahua
 68532 | Depths:2 | Noticed Asterion
 68546 | Depths:2 | Killed Asterion
 68836 | Depths:2 | Received a gift from Trog
 69259 | Depths:2 | Got a coiled jade ring
 69261 | Depths:2 | Identified the ring of Hiuhab {SustAb rF- Str+2 Int+4 Dex+3} (You found it on level 2 of the Depths)
 69327 | Depths:2 | Reached skill level 23 in Maces & Flails
 69628 | Depths:2 | Found a one-way gate to the infinite horrors of the Abyss.
 69934 | Depths:3 | Found Alarph's Gadget Shoppe.
 69973 | Depths:3 | Noticed Saint Roka
 69998 | Depths:3 | Killed Saint Roka
 70023 | Depths:3 | Found a one-way gate leading to the halls of Pandemonium.
 70394 | Depths:3 | Killed Xtahua
 70394 | Depths:3 | Reached XP level 25. HP: 165/208 MP: 14/29
 70826 | Depths:3 | Received a gift from Trog
 70854 | Depths:3 | Got a vibrating ivory ring
 70856 | Depths:3 | Identified the ring "Coakhlos" {Ice Contam rN+ MR+ Int+5} (You found it on level 3 of the Depths)
 70918 | Depths:3 | Found Sighid's Antique Weapon Boutique.
 71000 | Depths:3 | Received a gift from Trog
 71006 | Depths:3 | Found Owoquang's General Store.
 71475 | Depths:3 | Received a gift from Trog
 71625 | Depths:5 | Entered Level 5 of the Depths
 71656 | Depths:4 | Gained mutation: You are surrounded by a mild repulsion field (EV +2). [potion of beneficial mutation]
 72837 | Depths:3 | Found Koacvan's Gadget Emporium.
 73077 | Depths:3 | Received a gift from Trog
 73161 | Depths:3 | Noticed Mara
 73182 | Depths:3 | Noticed ketsa's illusion
 73182 | Depths:3 | Killed Mara
 74322 | Depths:5 | Noticed Margery
 74341 | Depths:5 | Killed Margery
 74698 | Depths:5 | Noticed Boris
 74721 | Depths:5 | Killed Boris
 74721 | Depths:5 | Reached XP level 26. HP: 110/219 MP: 9/29
 75188 | Depths:5 | Received a gift from Trog
 76264 | Depths:4 | Received a gift from Trog
 76589 | Depths:5 | Found a gate to the Realm of Zot.
 77267 | Hell     | Entered the Vestibule of Hell
 77267 | Hell     | Noticed Murray
 77267 | Hell     | Noticed Geryon
 77418 | Hell     | Received a gift from Trog
 77816 | Hell     | Reached skill level 15 in Dodging
 77908 | Hell     | Received a gift from Trog
 79133 | D:8      | Fell from the grace of Trog
 79133 | D:8      | Became a worshipper of the Shining One
 79644 | Depths:3 | Bought a pitted morningstar for 252 gold pieces
 79644 | Depths:3 | Identified the +2 morningstar of the Scroll {crush, rElec rPois- rN+ Str+2 Int+6} (You bought it in a shop on level 3 of the Depths)
 79698 | Depths:2 | Got a translucent great mace {god gift}
 79704 | Depths:2 | Identified the +8 great mace of Ofyuji {drain, rPois+ rN+ MR+ Str-2 Int-5} (Trog gifted it to you on level 2 of the Depths)
 79984 | Depths:4 | Reached skill level 1 in Spellcasting
 79984 | Depths:4 | Reached skill level 1 in Invocations
 81251 | Vaults:4 | Acquired the Shining One's first power
 81803 | Orc:1    | Reached XP level 27. HP: 227/227 MP: 10/30
 82002 | Vaults:3 | Reached skill level 10 in Shields
 82125 | Crypt:1  | Acquired the Shining One's second power
 82320 | Crypt:2  | Found a huge runed gate.
 82321 | Crypt:2  | Found a huge runed gate.
 82321 | Crypt:2  | Found a huge runed gate.
 82336 | Crypt:2  | Found a huge runed gate.
 82336 | Crypt:2  | Found a huge runed gate.
 82337 | Crypt:2  | Found a huge runed gate.
 82338 | Crypt:2  | Found a huge runed gate.
 82357 | Crypt:2  | Found a huge runed gate.
 82357 | Crypt:2  | Found a huge runed gate.
 82361 | Crypt:2  | Found a huge runed gate.
 82361 | Crypt:2  | Found a huge runed gate.
 82361 | Crypt:2  | Found a huge runed gate.
 82391 | Crypt:2  | Found a huge runed gate.
 82391 | Crypt:2  | Found a huge runed gate.
 82555 | Crypt:1  | Acquired the Shining One's third power
 83529 | Crypt:2  | Acquired the Shining One's fourth power
 83540 | Crypt:2  | Reached skill level 5 in Invocations
 83741 | Crypt:2  | Found a huge runed gate.
 83742 | Crypt:2  | Found a huge runed gate.
 83743 | Crypt:2  | Found a huge runed gate.
 83744 | Crypt:2  | Found a huge runed gate.
 83744 | Crypt:2  | Found a huge runed gate.
 83747 | Crypt:3  | Entered Level 3 of the Crypt
 83750 | Crypt:2  | Found a huge runed gate.
 83750 | Crypt:2  | Found a huge runed gate.
 83751 | Crypt:2  | Found a huge runed gate.
 83752 | Crypt:2  | Found a huge runed gate.
 84718 | Crypt:2  | Noticed Wiglaf
 84726 | Crypt:2  | Killed Wiglaf
 85996 | Crypt:3  | Noticed an ancient lich
 86030 | Crypt:3  | Killed an ancient lich
 86055 | Crypt:3  | Got a slimy tin amulet
 86056 | Crypt:3  | Identified the amulet "Qoesh" {Faith rC+ rN+} (You found it on level 3 of the Crypt)
 86163 | Crypt:3  | Cast into the Abyss (reaper)
 86163 | Abyss:1  | Found a corrupted altar of Lugonu.
 87310 | Crypt:3  | Escaped the Abyss
 87406 | Crypt:3  | Identified a +6 rod of destruction (10/10) (You found it on level 3 of the Crypt)
 87597 | Crypt:3  | Found an ancient bone altar of Kikubaaqudgha.
 87935 | Crypt:3  | Found a staircase to the Tomb.
 88848 | Vaults:5 | Entered Level 5 of the Vaults
 88848 | Vaults:5 | Noticed an ancient lich
 88970 | Vaults:4 | Killed an ancient lich
 88998 | Vaults:4 | Reached skill level 10 in Invocations
 90020 | Vaults:4 | Was forgiven by Trog
 90257 | Vaults:4 | Reached skill level 24 in Maces & Flails
 90654 | Vaults:5 | Noticed an ancient lich
 91260 | Vaults:5 | Noticed an ancient lich
 91269 | Vaults:5 | Killed an ancient lich
 91327 | Vaults:5 | Killed an ancient lich
 91442 | Vaults:5 | Found Klaom's Food Shop.
 91923 | Vaults:5 | Reached skill level 15 in Shields
 92362 | Vaults:5 | Got a coiled marble ring
 92363 | Vaults:5 | Identified the ring "Ghovyce" {rPois+ MR+ MP-9 Int+4} (You took it off an ironheart preserver on level 5 of the Vaults)
 92372 | Vaults:5 | Got a silver rune of Zot
 92399 | Vaults:5 | Identified a +0 pair of boots of running (You acquired it on level 5 of the Vaults)
 92543 | Vaults:5 | Found Twaebe Grirch's Magic Scroll Shop.
 92547 | Vaults:5 | Bought a scroll of blinking for 105 gold pieces
 92547 | Vaults:5 | Bought a scroll of enchant armour for 105 gold pieces
 92763 | Vaults:5 | Found Kaist's Food Shoppe.
 93394 | Pan      | Entered Pandemonium
 93494 | Pan      | Got a dazzling large shield
 93507 | Pan      | Identified the +6 large shield of the Hidden Ships {Regen+ Str+6} (You took it off a daeva in Pandemonium)
 96202 | Pan      | Got a shimmering bone ring
 96203 | Pan      | Identified the ring "Vuder" {+cTele +Fly Int+4} (You took it off an angel in Pandemonium)
 96347 | Pan      | Noticed a seraph
 96887 | Pan      | Killed a seraph
 97008 | Pan      | Got a brightly glowing whip
 97009 | Pan      | Identified the +7 whip "Wehoenec" {slash, rC+ MR+ Dex+6} (You took it off a cherub in Pandemonium)
 97014 | Pan      | Found a glowing golden altar of the Shining One.
 97033 | Pan      | Got a demonic rune of Zot
 97053 | Pan      | Identified the Handbook of Quantum Cold (You found it in Pandemonium)
 97058 | Pan      | Identified the Catalogue of Supportive Enhancements (You found it in Pandemonium)
 97067 | Pan      | Identified the Guide on Protection and Air (You found it in Pandemonium)
 97071 | Pan      | Learned a level 2 spell: Repel Missiles
 97835 | Pan      | Found a huge runed gate.
 97897 | Pan      | Found an exit through the horrors of the Abyss.
 98307 | Pan      | Noticed Nyxenni the pandemonium lord
 98323 | Pan      | Killed Nyxenni the pandemonium lord
 98738 | Pan      | Found an exit through the horrors of the Abyss.
 98932 | Pan      | Noticed Goifread the pandemonium lord
 98986 | Pan      | Killed Goifread the pandemonium lord
 99950 | Pan      | Reached skill level 15 in Invocations
100054 | Depths:3 | Escaped Pandemonium
100114 | Depths:3 | Upgraded the game from 0.16-a0-3997-g61da7c2 to 0.16-a0-4002-g2d13b8e
100312 | Zot:1    | Entered Level 1 of the Realm of Zot
100414 | Zot:2    | Reached skill level 1 in Charms
100459 | Zot:1    | Reached skill level 1 in Air Magic
102483 | Zot:2    | Noticed Tiamat
102678 | Zot:2    | Noticed an orb of fire
103278 | Zot:2    | Reached skill level 5 in Charms
103517 | Zot:2    | Killed an orb of fire
103648 | Zot:3    | Reached skill level 5 in Air Magic
103731 | Zot:4    | Reached skill level 5 in Spellcasting
103751 | Zot:5    | Entered Level 5 of the Realm of Zot
104068 | Zot:3    | Noticed an orb of fire
104103 | Zot:3    | Killed an orb of fire
104557 | Depths:3 | Learned a level 1 spell: Apportation
104560 | Depths:3 | Learned a level 2 spell: Blink
104773 | Depths:1 | Learned a level 2 spell: Swiftness
105008 | Vaults:5 | Identified Sif Muna's Grimoire of Unholy Good Luck (You found it on level 5 of the Vaults)
105020 | Vaults:5 | Identified the Handbook of Poison and Shape Shifting (You found it on level 5 of the Vaults)
105102 | Vaults:5 | Identified Yweewk's Disquisition on Evil and the Escort (You found it on level 5 of the Vaults)
105548 | Elf:3    | Identified Roxanne's Reference Book on Shifting Earth (You took it off Roxanne on level 3 of the Elven Halls)
105608 | Elf:3    | Learned a level 2 spell: Shroud of Golubria
105621 | Elf:3    | Learned a level 3 spell: Flight
106200 | Zot:3    | Reached skill level 1 in Translocations
106319 | Zot:3    | Noticed an orb of fire
106344 | Zot:3    | Killed an orb of fire
107156 | Zot:3    | Noticed an orb of fire
107179 | Zot:3    | Killed an orb of fire
107960 | Zot:4    | Reached skill level 5 in Translocations
109826 | Zot:5    | Noticed an ancient lich
109844 | Zot:5    | Killed an ancient lich
109921 | Zot:5    | Noticed an orb of fire
109938 | Zot:5    | Noticed an orb of fire
109941 | Zot:5    | Noticed an orb of fire
109943 | Zot:5    | Noticed an orb of fire
109947 | Zot:5    | Killed an orb of fire
110061 | Zot:5    | Killed an orb of fire
110153 | Zot:5    | Noticed an orb of fire
110159 | Zot:5    | Killed an orb of fire
110188 | Zot:5    | Killed an orb of fire
110435 | Zot:5    | Noticed an orb of fire
110445 | Zot:5    | Killed an orb of fire
110468 | Zot:5    | Killed an orb of fire
110958 | Zot:5    | Got a sparkling tin amulet
110959 | Zot:5    | Identified the amulet of Husearph {Gourm +Fly Str+3 Int+4} (You took it off a draconian zealot on level 5 of the Realm of Zot)
111183 | Zot:5    | Reached skill level 10 in Translocations
111317 | Zot:5    | Noticed an orb of fire
111325 | Zot:5    | Gained mutation: Armour fits poorly on your strangely shaped body. [an orb of fire]
111344 | Zot:5    | Killed an orb of fire
111456 | Zot:5    | Noticed an orb of fire
111470 | Zot:5    | Killed an orb of fire
111727 | Depths:4 | Lost mutation: Your magical capacity is low (-10% MP). [potion of cure mutation]
111727 | Depths:4 | Lost mutation: Armour fits poorly on your strangely shaped body. [potion of cure mutation]
111727 | Depths:4 | Lost mutation: You are surrounded by a mild repulsion field (EV +2). [potion of cure mutation]
112020 | Orc:4    | Bought a scroll of teleportation for 42 gold pieces
112020 | Orc:4    | Bought a scroll of silence for 105 gold pieces
112020 | Orc:4    | Bought a scroll of acquirement for 728 gold pieces
112973 | Depths:2 | Voluntarily entered the Abyss.
112987 | Abyss:1  | Reached skill level 10 in Charms
113435 | Abyss:1  | Found an ancient bone altar of Kikubaaqudgha.
113997 | Abyss:1  | Gained mutation: Your spells are a little easier to cast, but a little less powerful. [a neqoxec]
114051 | Abyss:1  | Identified a +1 rod of the swarm (14/14) (You found it on level 1 of the Abyss)
114422 | Abyss:1  | Reached skill level 10 in Air Magic
115161 | Abyss:1  | Reached skill level 25 in Armour
115327 | Abyss:1  | Found a corrupted altar of Lugonu.
115344 | Abyss:1  | Found a corrupted altar of Lugonu.
115407 | Abyss:1  | Reached skill level 10 in Spellcasting
115521 | Abyss:2  | Found a corrupted altar of Lugonu.
115524 | Abyss:2  | Found a corrupted altar of Lugonu.
115548 | Abyss:3  | Found a shimmering altar of Xom.
115677 | Abyss:3  | Paralysed by accursed screaming for 2 turns
115690 | Abyss:3  | Paralysed by accursed screaming for 1 turns
116306 | Abyss:3  | Gained mutation: You are very dopey. (Int -4) [a neqoxec]
116492 | Abyss:3  | Paralysed by accursed screaming for 1 turns
117007 | Abyss:3  | Found a corrupted altar of Lugonu.
117298 | Abyss:3  | Paralysed by accursed screaming for 1 turns
117315 | Abyss:3  | Paralysed by accursed screaming for 1 turns
117689 | Abyss:3  | Found a corrupted altar of Lugonu.
117982 | Abyss:3  | Got a transparent whip
117985 | Abyss:3  | Identified the cursed -1 whip of the Establishment {slash, +Rage rPois- rF+ Dex-2 SInv} (You found it on level 3 of the Abyss)
118177 | Abyss:3  | Paralysed by accursed screaming for 1 turns
119014 | Abyss:3  | Paralysed by accursed screaming for 1 turns
119286 | Abyss:3  | Paralysed by accursed screaming for 1 turns
119941 | Abyss:3  | Learned a level 1 spell: Summon Butterflies
120079 | Abyss:3  | Reached skill level 1 in Summonings
120384 | Abyss:3  | Got an abyssal rune of Zot
120863 | Depths:2 | Escaped the Abyss
120983 | Hell     | Found a gateway to the Iron City of Dis.
121028 | Hell     | Found a gateway to the freezing wastes of Cocytus.
121073 | Hell     | Found a gateway to the ashen valley of Gehenna.
121184 | Hell     | Killed Murray
121399 | Hell     | Found a gateway to the decaying netherworld of Tartarus.
121411 | Hell     | Reached skill level 5 in Summonings
121540 | Hell     | Killed Geryon
122143 | Slime:1  | Noticed an acid blob
122190 | Slime:1  | Noticed an acid blob
122199 | Slime:1  | Killed an acid blob
122209 | Slime:1  | Killed an acid blob
122286 | Slime:1  | Noticed an acid blob
122298 | Slime:1  | Killed an acid blob
122349 | Slime:2  | Found a viscous altar of Jiyva.
122585 | Slime:5  | Found a viscous altar of Jiyva.
122597 | Slime:6  | Entered Level 6 of the Pits of Slime
123029 | Slime:6  | Noticed the royal jelly
123070 | Slime:6  | Killed the royal jelly
123681 | Slime:6  | Got a slimy rune of Zot
123761 | Slime:6  | Got a crude lapis lazuli ring
123762 | Slime:6  | Identified the ring "Librasch" {MP+9 Str+2 Slay+3} (You found it on level 6 of the Pits of Slime)
123896 | Lair:7   | Upgraded the game from 0.16-a0-4002-g2d13b8e to 0.16-a0-4005-g3d13fd6
124339 | Pan      | Entered Pandemonium
124451 | Pan      | Found an exit through the horrors of the Abyss.
124468 | Pan      | Noticed Treno the pandemonium lord
124485 | Pan      | Cast into the Abyss (Treno)
124485 | Abyss:1  | Found an opulent altar of Gozag.
124489 | Abyss:1  | Noticed an ancient lich
124501 | Abyss:1  | Killed an ancient lich
124501 | Abyss:1  | Reached skill level 26 in Fighting
124827 | Pan      | Escaped the Abyss
124839 | Pan      | Killed Treno the pandemonium lord
125466 | Pan      | Found a gateway to a ziggurat.
125466 | Pan      | Noticed an ancient lich
125980 | Pan      | Reached skill level 10 in Summonings
126107 | Pan      | Killed an ancient lich
126292 | Zig:1    | Entered Level 1 of a ziggurat
126315 | Zig:1    | Got a distressingly furry helmet
126316 | Zig:1    | Identified the +1 helmet of Chimes {Str+2} (You acquired it on level 1 of a ziggurat)
126340 | Zig:2    | Entered Level 2 of a ziggurat
126444 | Zig:3    | Entered Level 3 of a ziggurat
126506 | Zig:4    | Entered Level 4 of a ziggurat
126562 | Zig:5    | Entered Level 5 of a ziggurat
126623 | Zig:5    | Got a scintillating pewter ring
126625 | Zig:5    | Identified the ring "Chuthuwk" {+Fly rPois+ rF+ Int-2 Dex+4 Stlth+} (You found it on level 5 of a ziggurat)
126659 | Zig:6    | Entered Level 6 of a ziggurat
126848 | Pan      | Gained mutation: Space occasionally distorts in your vicinity. [a neqoxec]
127094 | Pan      | Found an exit through the horrors of the Abyss.
127114 | Pan      | Noticed hackum's ghost (legendary DgEE)
127137 | Pan      | Noticed Fuxt the pandemonium lord
127143 | Pan      | Killed hackum's ghost
127152 | Pan      | Killed Fuxt the pandemonium lord
127708 | Pan      | Noticed Mennas
127734 | Pan      | Killed Mennas
127884 | Pan      | Found an exit through the horrors of the Abyss.
128327 | Pan      | Noticed Paull the pandemonium lord
128339 | Pan      | Killed Paull the pandemonium lord
128339 | Pan      | Reached skill level 10 in Evocations
128975 | Pan      | Found an exit through the horrors of the Abyss.
129084 | Pan      | Reached skill level 1 in Stealth
129108 | Pan      | Noticed Uschore the pandemonium lord
129144 | Pan      | Killed Uschore the pandemonium lord
129147 | Pan      | Reached skill level 27 in Fighting
129686 | Pan      | Found an exit through the horrors of the Abyss.
130107 | Pan      | Found an exit through the horrors of the Abyss.
130462 | Pan      | Reached skill level 27 in Maces & Flails
130698 | Pan      | Noticed an ancient lich
130699 | Pan      | Noticed Friy the pandemonium lord
130699 | Pan      | Noticed an ancient lich
130700 | Pan      | Found a gateway to a ziggurat.
130731 | Pan      | Killed Friy the pandemonium lord
130731 | Pan      | Reached skill level 5 in Stealth
131161 | Pan      | Found an exit through the horrors of the Abyss.
131446 | Pan      | Noticed Sakhlos the pandemonium lord
131484 | Pan      | Killed Sakhlos the pandemonium lord
131657 | Pan      | Found an exit through the horrors of the Abyss.
131976 | Pan      | Noticed Lomn the pandemonium lord
131991 | Pan      | Killed Lomn the pandemonium lord
132164 | Pan      | Found an exit through the horrors of the Abyss.
132249 | Pan      | Noticed Tufoyzoll the pandemonium lord
132277 | Pan      | Killed Tufoyzoll the pandemonium lord
132289 | Pan      | Entered the realm of Gloorx Vloq.
132350 | Pan      | Found an exit through the horrors of the Abyss.
132388 | Pan      | Got a steaming copper ring
132389 | Pan      | Identified the ring of Smodgh {rF+ MR+ MP-9 Dex+7} (You found it in Pandemonium)
133121 | Pan      | Reached skill level 10 in Stealth
133278 | Pan      | Got a dark rune of Zot
133824 | Pan      | Noticed Isisus the pandemonium lord
133839 | Pan      | Killed Isisus the pandemonium lord
133905 | Pan      | Reached skill level 15 in Evocations
133928 | Pan      | Found an exit through the horrors of the Abyss.
134105 | Pan      | Found a gateway to a ziggurat.
134107 | Pan      | Noticed an ancient lich
134727 | Pan      | Noticed Rogietoh the pandemonium lord
134736 | Pan      | Killed Rogietoh the pandemonium lord
134744 | Pan      | Lost intelligence.
134872 | Pan      | Gained mutation: Your magical capacity is low (-10% MP). [a neqoxec]
134910 | Pan      | Found an exit through the horrors of the Abyss.
135070 | Pan      | Learned a level 4 spell: Control Teleport
135183 | Pan      | Found an exit through the horrors of the Abyss.
135502 | Pan      | Noticed Kaeskut the pandemonium lord
135522 | Pan      | Killed Kaeskut the pandemonium lord
135641 | Pan      | Entered the realm of Cerebov.
135646 | Pan      | Found an exit through the horrors of the Abyss.
136090 | Pan      | Noticed Gloorx Vloq
136158 | Pan      | Killed Gloorx Vloq
136219 | Pan      | Got a pitted iron ring
136581 | Pan      | Noticed Cerebov
136628 | Pan      | Killed Cerebov
136644 | Pan      | Got a fiery rune of Zot
136807 | Pan      | Identified the Guide on Hexes and Evil Arts
136885 | Pan      | Got an ivory morningstar
136886 | Pan      | Identified the cursed +3 morningstar of Spite {crush, -Cast rElec rC+} (You found it in Pandemonium)
136887 | Pan      | Identified the ring of Sin {-Cast +Inv rN+ Int+5 Slay+2 Stlth-} (You took it off a crimson imp in Pandemonium)
136931 | Pan      | Got a translucent sapphire amulet
136932 | Pan      | Identified the amulet "Yriuch" {Spirit rN+ MP+9 Dex-4} (You found it in Pandemonium)
136945 | Pan      | Learned a level 3 spell: Abjuration
137272 | Pan      | Found an exit through the horrors of the Abyss.
137435 | Pan      | Noticed Hekhlyphi the pandemonium lord
137466 | Pan      | Killed Hekhlyphi the pandemonium lord
137624 | Pan      | Reached skill level 15 in Stealth
137630 | Pan      | Found an exit through the horrors of the Abyss.
137887 | Pan      | Noticed Anynano the pandemonium lord
137901 | Pan      | Killed Anynano the pandemonium lord
138020 | Pan      | Noticed Giuh the pandemonium lord
138216 | Pan      | Killed Giuh the pandemonium lord
138496 | Pan      | Entered the realm of Mnoleg.
138512 | Pan      | Gained mutation: You are clumsy. (Dex -2) [a shining eye]
138629 | Pan      | Noticed Mnoleg
138631 | Pan      | Paralysed by a giant eyeball for 2 turns
138639 | Pan      | Paralysed by a giant eyeball for 2 turns
138651 | Pan      | Lost mutation: Your spells are a little easier to cast, but a little less powerful. [a shining eye]
138655 | Pan      | Paralysed by a giant eyeball for 3 turns
138662 | Pan      | Found an exit through the horrors of the Abyss.
138726 | Pan      | Got an ichor-stained cloak
138737 | Pan      | Identified the +0 cloak "Meujyzi" {rC+ rCorr Int-3} (You found it in Pandemonium)
139170 | Pan      | Paralysed by a giant eyeball for 3 turns
139418 | Pan      | Paralysed by a giant eyeball for 3 turns
139486 | Pan      | Killed Mnoleg
139529 | Pan      | Got a glowing rune of Zot
139702 | Pan      | Entered the realm of Lom Lobon.
139832 | Pan      | Found an exit through the horrors of the Abyss.
140161 | Pan      | Noticed Lom Lobon
140245 | Pan      | Got a magical rune of Zot
140367 | Pan      | Noticed Baojubum the pandemonium lord
140372 | Pan      | Found an exit through the horrors of the Abyss.
140555 | Pan      | Reached skill level 10 in Throwing
140790 | Pan      | Gained mutation: Scrolls take you a little longer to read. [a shining eye]
140792 | Pan      | Killed Baojubum the pandemonium lord
141349 | Pan      | Noticed Lom Lobon
141617 | Pan      | Noticed Cier the pandemonium lord
141632 | Pan      | Killed Cier the pandemonium lord
141663 | Pan      | Gained mutation: Your body is slowly deteriorating. [a neqoxec]
141665 | Pan      | Gained mutation: Your body is deteriorating. [a neqoxec]
141789 | Pan      | Found an exit through the horrors of the Abyss.
142008 | Pan      | Killed Lom Lobon
142366 | Pan      | Got a brightly glowing eveningstar
142369 | Pan      | Identified the +9 eveningstar of Gaemood {crush, Dex+3 SInv Stlth+} (You found it in Pandemonium)
142893 | Pan      | Noticed Mnudaatoaxt the pandemonium lord
142910 | Pan      | Killed Mnudaatoaxt the pandemonium lord
143109 | Pan      | Found an exit through the horrors of the Abyss.
143542 | Pan      | Found an exit through the horrors of the Abyss.
143632 | Depths:3 | Escaped Pandemonium
143707 | Dis:1    | Entered Level 1 of the Iron City of Dis
144481 | Dis:7    | Entered Level 7 of the Iron City of Dis
144628 | Dis:7    | Reached skill level 15 in Charms
145810 | Dis:7    | Noticed Dispater
145838 | Dis:7    | Killed Dispater
145862 | Dis:7    | Got an iron rune of Zot
146099 | Dis:7    | Identified the Handbook of Arcane Weapons and Malediction (You found it on level 7 of the Iron City of Dis)
146102 | Dis:7    | Got a steaming morningstar
146105 | Dis:7    | Identified the +5 morningstar of Fymaseg {drain, MR+} (You found it on level 7 of the Iron City of Dis)
146134 | Dis:7    | Identified the Volume of Enchantment (You found it on level 7 of the Iron City of Dis)
146275 | Dis:7    | Got a smoking tin ring
146278 | Dis:7    | Identified the ring "Noeroafu" {-Tele +Fly rElec MP+9 Int+4} (You found it on level 7 of the Iron City of Dis)
146817 | Geh:1    | Entered Level 1 of Gehenna
147193 | Geh:2    | Found a huge runed gate.
147193 | Geh:2    | Found a huge runed gate.
147321 | Geh:2    | Found a huge runed gate.
147321 | Geh:2    | Found a huge runed gate.
147321 | Geh:2    | Found a huge runed gate.
147322 | Geh:2    | Found a huge runed gate.
147326 | Geh:2    | Found a huge runed gate.
147326 | Geh:2    | Found a huge runed gate.
147326 | Geh:2    | Found a huge runed gate.
147326 | Geh:2    | Found a huge runed gate.
147341 | Geh:2    | Found a huge runed gate.
147341 | Geh:2    | Found a huge runed gate.
147342 | Geh:2    | Found a huge runed gate.
147342 | Geh:2    | Found a huge runed gate.
147345 | Geh:2    | Found a huge runed gate.
147582 | Geh:2    | Lost mutation: You are clumsy. (Dex -2) [potion of cure mutation]
147582 | Geh:2    | Lost mutation: Your magical capacity is low (-10% MP). [potion of cure mutation]
147582 | Geh:2    | Lost mutation: Scrolls take you a little longer to read. [potion of cure mutation]
147582 | Geh:2    | Lost mutation: You passively map a small area around you. [potion of cure mutation]
147582 | Geh:2    | Lost mutation: You are dopey. (Int -2) [potion of cure mutation]
147583 | Geh:2    | Lost mutation: Your body is deteriorating. [potion of cure mutation]
147583 | Geh:2    | Lost mutation: Space occasionally distorts in your vicinity. [potion of cure mutation]
147583 | Geh:2    | Lost mutation: Your body is slowly deteriorating. [potion of cure mutation]
147829 | Tar:1    | Entered Level 1 of Tartarus
147980 | Tar:2    | Reached skill level 15 in Spellcasting
148527 | Tar:7    | Entered Level 7 of Tartarus
148774 | Tar:7    | Got a warped iron ring
148775 | Tar:7    | Identified the ring "Rakino Tyuck" {+Fly rN+ MR+ Str+5 Int-2 Stlth+} (You found it on level 7 of Tartarus)
148894 | Tar:7    | Got a translucent amber ring
148917 | Tar:7    | Identified the ring "Tevucaf" {rElec rPois+ Stlth+} (You found it on level 7 of Tartarus)
149010 | Tar:7    | Noticed an ancient lich
149022 | Tar:7    | Killed an ancient lich
149157 | Tar:7    | Noticed Ereshkigal
149184 | Tar:7    | Killed Ereshkigal
149204 | Tar:7    | Got a bone rune of Zot
149255 | Tar:7    | Noticed an ancient lich
149260 | Tar:7    | Killed an ancient lich
149415 | Tar:7    | Noticed an ancient lich
149430 | Tar:7    | Killed an ancient lich
149571 | Tar:7    | Noticed an ancient lich
149591 | Tar:7    | Killed an ancient lich
149605 | Tar:7    | Noticed an ancient lich
149610 | Tar:7    | Killed an ancient lich
149635 | Tar:7    | Noticed an ancient lich
149640 | Tar:7    | Killed an ancient lich
149678 | Tar:7    | Identified the Incunabulum of Igneous Confrontation
149693 | Tar:7    | Noticed an ancient lich
149697 | Tar:7    | Killed an ancient lich
149875 | Tar:7    | Got a wavering wooden ring
149876 | Tar:7    | Identified the ring of the Lion {rC+ AC+2} (You found it on level 7 of Tartarus)
150657 | Geh:2    | Found a huge runed gate.
150657 | Geh:2    | Found a huge runed gate.
150657 | Geh:2    | Found a huge runed gate.
150658 | Geh:2    | Found a huge runed gate.
150658 | Geh:2    | Found a huge runed gate.
150658 | Geh:2    | Found a huge runed gate.
150659 | Geh:2    | Found a huge runed gate.
150667 | Geh:2    | Found a huge runed gate.
150667 | Geh:2    | Found a huge runed gate.
150667 | Geh:2    | Found a huge runed gate.
152501 | Geh:4    | Reached skill level 27 in Armour
152936 | Geh:7    | Entered Level 7 of Gehenna
153316 | Geh:7    | Noticed the Serpent of Hell
153330 | Geh:7    | Killed the Serpent of Hell
153661 | Geh:7    | Identified the Handbook of Augmentations and Lightness
153666 | Geh:7    | Learned a level 3 spell: Ozocubu's Armour
153751 | Geh:7    | Killed from afar by a Brimstone Fiend

Action                   |  1- 3 |  4- 6 |  7- 9 | 10-12 | 13-15 | 16-18 | 19-21 | 22-24 | 25-27 || total
-------------------------+-------+-------+-------+-------+-------+-------+-------+-------+-------++-------
Melee: Mace              |    56 |       |       |       |       |       |       |       |       ||    56
       Whip              |    21 |   148 |   320 |       |       |       |       |       |       ||   489
       Trident           |       |       |    84 |       |       |       |       |       |       ||    84
       Dire flail        |       |       |     4 |   808 |   696 |       |       |       |    11 ||  1519
       Flail             |       |       |       |       |   134 |     6 |       |       |    16 ||   156
       Morningstar       |       |       |       |       |  1480 |  1724 |  2321 |  2611 |  1507 ||  9643
       Eveningstar       |       |       |       |       |       |    90 |       |       | 16488 || 16578
       Great mace        |       |       |       |       |       |       |       |       |   164 ||   164
Throw: Stone             |     3 |       |    12 |       |       |       |       |       |       ||    15
       Javelin           |     1 |     3 |    17 |    31 |     1 |    26 |    16 |     3 |    22 ||   120
 Cast: Apportation       |       |       |       |       |       |       |       |       |     4 ||     4
       Summon Butterflie |       |       |       |       |       |       |       |       |     3 ||     3
       Abjuration        |       |       |       |       |       |       |       |       |     1 ||     1
       Blink             |       |       |       |       |       |       |       |       |     1 ||     1
       Repel Missiles    |       |       |       |       |       |       |       |       |     1 ||     1
       Shroud of Golubri |       |       |       |       |       |       |       |       |     1 ||     1
Invok: Berserk           |       |     2 |     4 |    12 |    12 |       |     1 |       |     1 ||    32
       Trog's Hand       |       |     2 |       |     2 |     8 |     3 |     5 |     5 |     8 ||    33
       Brothers in Arms  |       |       |       |     4 |     3 |     1 |     1 |       |     3 ||    12
       Summon Divine War |       |       |       |       |       |       |       |       |    49 ||    49
       Divine Shield     |       |       |       |       |       |       |       |       |    14 ||    14
 Abil: Evoke Flight      |       |       |       |       |       |       |     1 |     2 |    13 ||    16
Evoke: Wand              |       |       |       |     3 |       |     8 |     3 |     3 |    29 ||    46
       Fan of gales      |       |       |       |       |       |       |       |       |     1 ||     1
  Use: Potion            |       |     2 |       |       |     3 |     3 |     4 |     2 |    49 ||    63
       Scroll            |       |       |       |    16 |    19 |    13 |     9 |    10 |   105 ||   172
 Stab: Distracted        |       |       |     1 |       |       |       |       |       |     1 ||     2
       Fleeing           |       |       |       |       |     2 |       |       |       |       ||     2
       Held in net/web   |       |       |       |       |       |     1 |       |       |       ||     1
       Confused          |       |       |       |       |       |       |       |       |     3 ||     3
       Paralysed         |       |       |       |       |       |       |       |       |     3 ||     3
       Petrifying        |       |       |       |       |       |       |       |       |     5 ||     5
  Eat: Chunk             |     1 |     6 |    16 |    27 |    67 |    28 |    31 |    19 |   135 ||   330
       Royal jelly       |       |     1 |     1 |     1 |       |     1 |     2 |     1 |     4 ||    11
       Fruit             |       |       |       |     5 |    13 |     7 |     7 |     5 |    43 ||    80
       Pizza             |       |       |       |       |     1 |     1 |     1 |     1 |     8 ||    12
       Meat ration       |       |       |       |       |     1 |     1 |     1 |     1 |    24 ||    28
       Beef jerky        |       |       |       |       |       |     2 |     2 |     1 |    16 ||    21
       Bread ration      |       |       |       |       |       |       |     1 |     1 |       ||     2
